 Dungeon Crawl Stone Soup version 0.30-a0-4-ga7cffc901d (webtiles) character file.

Game seed: 12651060166642203887

1920 Plasmagod the Severer (level 9, -2/70 HPs)
             Began as a Hill Orc Monk on Aug 20, 2022.
             Was a Follower of Beogh.
             Slain by a killer bee (5 damage)
             ... on level 7 of the Dungeon on Aug 21, 2022.
             The game lasted 00:19:09 (7972 turns).

Plasmagod the Severer (Hill Orc Monk)               Turns: 7972, Time: 00:19:10

Health: -2/70      AC:  8    Str: 18      XL:     9   Next: 16%
Magic:  9/9        EV: 11    Int: 10      God:    Beogh [*.....]
Gold:   386        SH:  0    Dex:  7 (10) Spells: 8/8 levels left

rFire   . . .      SeeInvis .    a - +1 hand axe
rCold   . . .      Faith    .    (no shield)
rNeg    . . .      Spirit   .    u - +3 leather armour "Sibismep" {Rampage Dex-3 Slay+2}
rPois   .          Reflect  +    l - +0 helmet
rElec   .          Harm     .    (no cloak)
rCorr   +          Rampage  +    m - +0 pair of gloves
Will    .....                    (no boots)
Stlth   +.........               o - amulet of reflection
HPRegen 0.21/turn                b - ring of resist corrosion
MPRegen 0.11/turn                (no ring)

@: confused, lethally poisoned (-2 -> -13), ambrosia-drunk
A: no striking features
a: Renounce Religion


You were on level 7 of the Dungeon.
You worshipped Beogh.
Beogh was aware of your devotion.
You visited 1 branch of the dungeon, and saw 7 of its levels.

You collected 386 gold pieces.

Inventory:

Hand Weapons
 a - a +1 hand axe (weapon)
Armour
 i - a +0 chain mail
 l - a +0 helmet (worn)
 m - a +0 pair of gloves (worn)
 u - the +3 leather armour "Sibismep" (worn) {Rampage Dex-3 Slay+2}
   (You found it on level 5 of the Dungeon)

   Dex:       It affects your dexterity (-3).
   Slay:      It affects your accuracy & damage with ranged weapons and melee
   (+2).
   Rampage:   It bestows one free step when moving towards enemies.
Jewellery
 b - a ring of resist corrosion (left hand)
 h - a ring of ice
 o - an amulet of reflection (around neck)
 q - a ring of ice
Wands
 n - a wand of roots (13)
 t - a wand of acid (2)
Scrolls
 d - a scroll of identify
 e - 3 scrolls of teleportation
 f - a scroll of butterflies
 g - 4 scrolls of fear
 k - 3 scrolls of magic mapping
 p - 2 scrolls of noise
 r - a scroll of poison
 s - a scroll of summoning {unknown}
Potions
 j - 2 potions of lignification
 v - a potion of brilliance


   Skills:
 - Level 3.6 Fighting
 + Level 15.3 Axes
 - Level 2.4 Dodging
 - Level 1.5 Stealth


You had 8 spell levels left.
You didn't know any spells.
Your spell library contained the following spells:

 Spells                   Type           Power      Damage    Failure   Level
 Sting                    Tmut/Pois      0%         1d3       41%         1
 Ensorcelled Hibernation  Hex/Ice        0%         N/A       56%         2
 Poisonous Vapours        Pois/Air       0%         N/A       56%         2
 Sublimation of Blood     Necr           0%         N/A       56%         2
 Wereblood                Tmut           0%         N/A       56%         2
 Ignite Poison            Fire/Tmut/Pois 0%         N/A       80%         3
 Mephitic Cloud           Conj/Pois/Air  0%         N/A       80%         3
 Spider Form              Tmut/Pois      0%         N/A       80%         3
 Summon Guardian Golem    Hex/Summ       0%         N/A       80%         3
 Anguish                  Hex/Necr       0%         N/A       99%         4
 Animate Dead             Necr           0%         N/A       99%         4
 Olgreb's Toxic Radiance  Pois           0%         N/A       99%         4
 Freezing Cloud           Conj/Ice/Air   0%         6-21      100%        5
 Conjure Ball Lightning   Conj/Air       0%         3x3d6     100%        6
 Haunt                    Necr/Summ      0%         N/A       100%        7
 Orb of Destruction       Conj           0%         9d5       100%        7
 Spellforged Servitor     Conj/Summ      0%         N/A       100%        7
 Summon Hydra             Summ           0%         N/A       100%        7
 Discord                  Hex            0%         N/A       100%        8
 Disjunction              Tloc           0%         N/A       100%        8
 Infestation              Necr           0%         N/A       100%        8


Dungeon Overview and Level Annotations

Branches:
Dungeon (7/15)             Temple (0/1) D:4

Altars:
Elyvilon
Xom
Yredelemnul

Shops:
D:5 !


Message History

The quasit bites you but does no damage.
The quasit barely misses you. The quasit misses you.
You miss the killer bee.
The killer bee is lightly wounded.
You completely miss the quasit. You miss the killer bee.
You hit the killer bee but do no damage. x2
* * * LOW HITPOINT WARNING * * *
You feel sick.
The killer bee stings you but does no damage.
The killer bee barely misses you. The killer bee stings you.
* * * LOW HITPOINT WARNING * * *
The killer bee misses you.
The quasit bites you but does no damage.
The quasit barely misses you. The quasit closely misses you.
You hit the killer bee.
The killer bee is moderately wounded.
You completely miss the killer bee. x2; You completely miss the quasit.
You barely miss the killer bee. You hit the killer bee.
* * * LOW HITPOINT WARNING * * *
You feel sick.
The crimson imp disappears in a puff of smoke!
The killer bee barely misses you.
The killer bee stings the killer bee!
The killer bee closely misses you. The killer bee stings you.
* * * LOW HITPOINT WARNING * * *
You are more poisoned.
The killer bee poisons you! The quasit bites you.
* * * LOW HITPOINT WARNING * * *
The quasit barely misses you. The quasit claws you.
* * * LOW HITPOINT WARNING * * *
You feel clumsy.
The killer bee closely misses you. x2; The killer bee barely misses you.
The killer bee barely misses the killer bee.
The killer bee barely misses you.
You miss the killer bee. You barely miss the killer bee.
You miss the killer bee. You hit the killer bee. You barely miss the quasit.
You completely miss the killer bee.
* * * LOW HITPOINT WARNING * * *
You feel sick. The killer bee stings you.
You die...
Xom howls with laughter!

..
##.#........##........<..
###......................
##............##.#.#......
#............##... ##.>...
##..#....#....... #.....
##.##..##....... ......
###.###.......#... ....##.
........5yy....... .####
## #.......§y@y...... .
#.......#5$y...... .
#!......#.y.......
#.......§##.......
#........##.......
#.................
#.....)..##.......
.........# .......
.......... .......


You could see 6 killer bees, a quasit (summoned) and a shadow imp (summoned).

Vanquished Creatures
  3 black bears
  A sky beast (D:6)
  2 ice beasts
  2 ogres
  A centaur (D:7)
  A phantom (D:7)
  2 bullfrogs
  6 scorpions
  A jelly (D:6)
  2 orc priests (D:6)
  2 hounds (D:6)
  4 iguanas
  7 orc wizards
  4 gnolls (D:4)
  3 adders
  A shadow imp (D:6)
  A worm (D:3)
  A dart slug (D:3)
  19 orcs
  7 ball pythons
  8 endoplasms
  6 giant cockroaches
  6 goblins
  8 hobgoblins
  3 jackals (D:2)
  7 kobolds
  4 quokkas
  2 bats
  3 frilled lizards
  2 rats
  A spectral orc (D:4)
120 creatures vanquished.

Vanquished Creatures (others)
  An iguana (D:5)
  An adder (D:5)
  An orc (D:5)
  3 plants (D:3)
6 creatures vanquished.

Grand Total: 126 creatures vanquished

Notes
Turn   | Place    | Note
-------+----------+-------------------------------------------
     0 | D:1      | Plasmagod the Hill Orc Monk began the quest for the Orb.
     0 | D:1      | Reached XP level 1. HP: 19/19 MP: 1/1
   647 | D:1      | Reached XP level 2. HP: 16/26 MP: 2/2
  1158 | D:2      | Reached skill level 5 in Axes
  1520 | D:2      | Found a faded altar of an unknown god.
  1565 | D:2      | Reached XP level 3. HP: 23/31 MP: 3/3
  2378 | D:3      | Reached skill level 6 in Axes
  2883 | D:3      | Reached XP level 4. HP: 34/39 MP: 4/4
  3167 | D:4      | Reached skill level 7 in Axes
  3378 | D:4      | Reached XP level 5. HP: 22/45 MP: 5/5
  3830 | D:4      | Upgraded the game from 0.30-a0-3-gc9032a9cac to
                  | 0.30-a0-4-ga7cffc901d
  3963 | D:4      | Reached skill level 8 in Axes
  4139 | D:4      | Found a basalt altar of Yredelemnul.
  4181 | D:4      | Found a staircase to the Ecumenical Temple.
  4331 | D:4      | Found a shimmering altar of Xom.
  4345 | D:4      | Reached XP level 6. HP: 26/51 MP: 6/6
  4571 | D:4      | Became a worshipper of Xom of Bone-Dry Humour
  4623 | D:5      | Entered Level 5 of the Dungeon
  4624 | D:5      | Fell from the grace of Xom
  4624 | D:5      | Became a worshipper of Beogh the Brigand
  4651 | D:5      | Identified the +3 leather armour "Sibismep" {Rampage Dex-3
                  | Slay+2}
  4701 | D:5      | Reached skill level 9 in Axes
  4717 | D:5      | Reached skill level 10 in Axes
  4988 | D:5      | Reached XP level 7. HP: 30/57 MP: 7/7
  5296 | D:5      | Found Jemit's Distillery.
  5323 | D:5      | Reached skill level 11 in Axes
  5609 | D:5      | XOM: summons 1 hostile demon
  5890 | D:6      | Reached skill level 12 in Axes
  5890 | D:6      | Reached XP level 8. HP: 43/64 MP: 8/8
  6450 | D:6      | Reached skill level 13 in Axes
  6621 | D:6      | XOM: summons 3 hostile demons
  6791 | D:6      | Found a white marble altar of Elyvilon.
  6801 | D:6      | Reached * piety under Beogh
  7020 | D:6      | Reached skill level 14 in Axes
  7229 | D:6      | XOM: noise
  7248 | D:6      | Reached XP level 9. HP: 61/70 MP: 9/9
  7417 | D:6      | XOM: summons 1 hostile shadow creature
  7749 | D:6      | Reached skill level 15 in Axes
  7759 | D:7      | XOM: noise
  7922 | D:7      | XOM: summons 14 hostile demons
  7962 | D:7      | XOM: swap monsters
  7971 | D:7      | HP: 3/70 [quasit[Xom] (2)]
  7972 | D:7      | Slain by a killer bee

Illustrated notes

Levels and vault maps discovered:
D:1:      denvon_arrival_planthouse, layout_basic
D:2:      layout_loops_ring, ebering_ecumenical_altar_abandoned,
          minmay_crystal_water
D:3:      layout_basic, serial_bayou_crossing
D:4:      layout_cave_pools, lemuel_round_altar,
          yredelemnul_forgotten_temple_becter, minmay_temple_entry_fiery,
          minivault_14
D:5:      layout_rooms, serial_shops, nicolae_shop_statue_plus
D:6:      layout_gridville, nicolae_elyvilon_peaceful_grove
D:7:      layout_cave_pools, mainiacjoe_overflow_alcove_4,
          kiku_gazebo_garden_becter

Skill      XL: |  1  2  3  4  5  6  7  8  9 |
---------------+----------------------------+-----
Axes           | 5 6 7 8 10 12 14 15 | 15.3
Fighting       | |  3.6
Dodging        | |  2.4
Stealth        | |  1.5

Action                   |  1- 3 |  4- 6 |  7- 9 || total
-------------------------+-------+-------+-------++-------
Melee: Hand axe          |   174 |   159 |   292 ||   625
       Punch             |     1 |     3 |     4 ||     8
Invok: Convert to Beogh  |       |     1 |       ||     1
  Use: Potion            |       |     1 |     4 ||     5
       Scroll            |       |       |    12 ||    12
 Stab: Sleeping          |     2 |       |     2 ||     4
       Confused          |       |       |     1 ||     1
Armor: Robe              |     3 |       |       ||     3
       Chain mail        |    66 |    68 |       ||   134
       Leather armour    |       |    16 |   131 ||   147
       Skin              |       |       |    19 ||    19
Dodge: Dodged            |    46 |    65 |   167 ||   278
Block: Other             |     9 |    30 |    60 ||    99

Table legend: (Time is in decaauts)
 A = Elapsed time spent in this place.
 B = Non-inter-level travel time spent in this place.
 C = Inter-level travel time spent in this place.
 D = Time resting spent in this place.
 E = Time spent auto-exploring this place.
 F = Levels seen in this place.
 G = Mean time per level.
                   A        B        C        D        E       F      G
               +--------+--------+--------+--------+--------+-----+--------+
         Total |   7886 |   7689 |    197 |   1002 |   5571 |   7 | 1126.6 |
       Dungeon |   7886 |   7689 |    197 |   1002 |   5571 |   7 | 1126.6 |
               +--------+--------+--------+--------+--------+-----+--------+

Top non-repeatable levels by time:
     D:6: 1965 daAuts
     D:4: 1346 daAuts
     D:2: 1201 daAuts
     D:1: 1135 daAuts
     D:5: 1094 daAuts
     D:3: 952 daAuts
     D:7: 190 daAuts
